TOP OF THE 1ST |
Toronto Blue Jays batting - Pitching for Texas Rangers : RHP Pimbly Nimblebottom
|
Pitching: RHP Pimbly Nimblebottom
|
|
Batting: LHB Michael Byrd
|
0-0: Ball 1-0: Called Strike 1-1: Ball 2-1: Foul Ball, location: 2F 2-2: Ball 3-2: Base on Balls
|
Batting: RHB Danny Burnside
|
0-0: Ball 1-0: Called Strike 1-1: Ball Balk! Michael Byrd to second 2-1: Ball 3-1: Fly out, F6 (Flyball, 56D, EV 81.9 MPH)
|
Batting: RHB Ruben Velasco
|
0-0: Ball 1-0: Foul Ball, location: 2F 1-1: Called Strike 1-2: Strikes out swinging
|
Batting: RHB Kirk Arp
|
0-0: Called Strike 0-1: Swinging Strike 0-2: Ball 1-2: Foul Ball, location: 2F 1-2: Foul Ball, location: 2F 1-2: Strikes out looking
|
Top of the 1st over - 0 runs, 0 hits, 0 errors, 1 left on base; Toronto 0 - Texas 0 |
BOTTOM OF THE 1ST |
Texas Rangers batting - Pitching for Toronto Blue Jays : RHP Timo Lantinga
|
Pitching: RHP Timo Lantinga
|
|
Batting: LHB Johan de Vries
|
0-0: Ball 1-0: Called Strike 1-1: SINGLE (Groundball, 34D, EV 109.4 MPH)
|
Batting: SHB John Giesbrecht
|
0-0: Ball Johan de Vries is caught stealing 2nd base 2-6 1-0: Called Strike 1-1: Ball 2-1: Ball 3-1: Foul Ball, location: 2F 3-2: SOLO HOME RUN (Flyball, 8LXD, EV 115.0 MPH), Distance : 456 ft
|
Batting: RHB David Casas
|
0-0: Called Strike 0-1: Ball 1-1: Foul Ball, location: 2F 1-2: Ball 2-2: Ground out U3 (Groundball, 3, EV 103.8 MPH)
|
Batting: SHB Jun Tsuda
|
0-0: Called Strike 0-1: DOUBLE (Line Drive, 9LS, EV 113.8 MPH)
|
Batting: LHB Tommy Luce
|
0-0: Ball 1-0: Foul Ball, location: 2F 1-1: Swinging Strike 1-2: Strikes out swinging
|
Bottom of the 1st over - 1 run, 3 hits, 0 errors, 1 left on base; Toronto 0 - Texas 1 |
TOP OF THE 2ND |
Toronto Blue Jays batting - Pitching for Texas Rangers : RHP Pimbly Nimblebottom
|
Batting: LHB Bob Branham
|
0-0: SINGLE (Flyball, 4MD, EV 97.5 MPH)
|
Batting: RHB Mike Blair
|
0-0: Ball 1-0: Ball 2-0: Ball 3-0: Foul Ball, location: 2F 3-1: Base on Balls Bob Branham to second
|
Batting: LHB Yoshinari Nara
|
0-0: Called Strike 0-1: Called Strike 0-2: Ball 1-2: Ball 2-2: Ball 3-2: Base on Balls Bob Branham to third Mike Blair to second
|
Batting: RHB Danny Heyer
|
0-0: Ball 1-0: SINGLE (Groundball, 6MD, EV 103.1 MPH) Bob Branham scores Mike Blair to third Yoshinari Nara to second Runner from 3rd tries for Home, SAFE, throw by CF to home
|
Batting: RHB Jon Aguilar
|
0-0: Called Strike 0-1: Swinging Strike 0-2: Ball 1-2: Strikes out looking
|
Batting: LHB Michael Byrd
|
0-0: Ball 1-0: Ball 2-0: Ball 3-0: Called Strike 3-1: Swinging Strike 3-2: Foul Ball, location: 2F 3-2: Foul Ball, location: 2F 3-2: Foul Ball, location: 2F 3-2: Foul Ball, location: 2F 3-2: Fly out, F8 (Flyball, 8LM, EV 93.8 MPH)
|
Batting: RHB Danny Burnside
|
0-0: Ball 1-0: Called Strike 1-1: Ball 2-1: Ball 3-1: Called Strike 3-2: Base on Balls Yoshinari Nara to third Danny Heyer to second
|
Pitching: LHP Dennis French
|
|
Batting: RHB Ruben Velasco
|
0-0: Ball Wild Pitch! Yoshinari Nara scores Danny Heyer to third Danny Burnside to second 1-0: Ball 2-0: Swinging Strike 2-1: Ball 3-1: Fly out, F7 (Flyball, 7D, EV 108.8 MPH)
|
Top of the 2nd over - 3 runs, 2 hits, 0 errors, 2 left on base; Toronto 3 - Texas 1 |
BOTTOM OF THE 2ND |
Texas Rangers batting - Pitching for Toronto Blue Jays : RHP Timo Lantinga
|
Batting: LHB Alejandro Soriano
|
0-0: Ball 1-0: Ball 2-0: Ball 3-0: Called Strike 3-1: SINGLE (Line Drive, 6D, EV 95.6 MPH)
|
Batting: SHB Vince Ealy
|
0-0: Ball 1-0: Called Strike 1-1: Ball 2-1: Fly out, F8 (Flyball, 8RXD, EV 88.8 MPH)
|
Batting: LHB Andy Bowman
|
0-0: Called Strike 0-1: Ball 1-1: Foul Ball, location: 2F 1-2: Foul Ball, location: 2F 1-2: Foul Ball, location: 2F 1-2: Fly out, F7 (Flyball, 7S, EV 88.8 MPH)
|
Batting: RHB Jimmy Hammertime
|
0-0: SINGLE (Groundball, 56D, EV 105.6 MPH) Alejandro Soriano to second
|
Batting: LHB Johan de Vries
|
0-0: Ball 1-0: Called Strike 1-1: Ball 2-1: Swinging Strike 2-2: Foul Ball, location: 2F 2-2: Strikes out swinging
|
Bottom of the 2nd over - 0 runs, 2 hits, 0 errors, 2 left on base; Toronto 3 - Texas 1 |
TOP OF THE 3RD |
Toronto Blue Jays batting - Pitching for Texas Rangers : LHP Dennis French
|
Batting: RHB Kirk Arp
|
0-0: DOUBLE (Line Drive, 5D, EV 106.3 MPH)
|
Pinch Hitting: RHB Ryan Kinkead
|
0-0: Called Strike 0-1: Ground out 5-3 (Groundball, 56S, EV 82.5 MPH)
|
Batting: RHB Mike Blair
|
0-0: Ground out 6-3 (Groundball, 6M, EV 79.4 MPH) Kirk Arp to third
|
Batting: LHB Yoshinari Nara
|
0-0: Called Strike 0-1: Swinging Strike 0-2: Strikes out looking
|
Top of the 3rd over - 0 runs, 1 hit, 0 errors, 1 left on base; Toronto 3 - Texas 1 |
BOTTOM OF THE 3RD |
Texas Rangers batting - Pitching for Toronto Blue Jays : RHP Timo Lantinga
|
Now at 1B: Ryan Kinkead
|
|
Batting: SHB John Giesbrecht
|
0-0: Called Strike 0-1: Ball 1-1: Called Strike 1-2: Fly out, F9 (Flyball, 9LM, EV 88.8 MPH)
|
Batting: RHB David Casas
|
0-0: Ball 1-0: Foul Ball, location: 2F 1-1: Foul Ball, location: 2F 1-2: Strikes out looking
|
Batting: SHB Jun Tsuda
|
0-0: Ball 1-0: Swinging Strike 1-1: Foul Ball, location: 2F 1-2: Strikes out swinging
|
Bottom of the 3rd over - 0 runs, 0 hits, 0 errors, 0 left on base; Toronto 3 - Texas 1 |
TOP OF THE 4TH |
Toronto Blue Jays batting - Pitching for Texas Rangers : LHP Dennis French
|
Batting: RHB Danny Heyer
|
0-0: Ball 1-0: Ball 2-0: Ball 3-0: Called Strike 3-1: Ground out U3 (Groundball, 3L, EV 83.8 MPH)
|
Batting: RHB Jon Aguilar
|
0-0: SINGLE (Line Drive, 4M, EV 105.0 MPH)
|
Batting: LHB Michael Byrd
|
0-0: Ball 1-0: SINGLE (Groundball, 4MD, EV 97.5 MPH) Jon Aguilar to second Runner from 2nd tries for 3rd, SAFE, throw by CF made to third
|
Pitching: RHP Lu-shan Zhào
|
|
Batting: RHB Danny Burnside
|
0-0: Ball 1-0: Called Strike 1-1: Fielders Choice at 2nd, 6-4 (Groundball, 6S, EV 87.5 MPH) Jon Aguilar scores
|
Batting: RHB Ruben Velasco
|
0-0: Foul Ball, location: 2F 0-1: Ball 1-1: Ball 2-1: Foul Ball, location: 2F 2-2: Ball 3-2: SINGLE (Groundball, 34D, EV 95.6 MPH) Danny Burnside to second Danny Burnside to third
|
Batting: RHB Kirk Arp
|
0-0: Ball 1-0: Called Strike 1-1: Called Strike 1-2: Strikes out swinging
|
Top of the 4th over - 1 run, 3 hits, 0 errors, 2 left on base; Toronto 4 - Texas 1 |
BOTTOM OF THE 4TH |
Texas Rangers batting - Pitching for Toronto Blue Jays : RHP Timo Lantinga
|
Pitching: RHP Zack Rust
|
|
Batting: LHB Tommy Luce
|
0-0: Fly out, F3 (Line Drive, 3, EV 73.8 MPH)
|
Batting: LHB Alejandro Soriano
|
0-0: Called Strike 0-1: Ball 1-1: Ball 2-1: Ball 3-1: Called Strike 3-2: Base on Balls
|
Batting: SHB Vince Ealy
|
0-0: Ball Alejandro Soriano is caught stealing 2nd base 2-6 1-0: Foul Ball, location: 2F 1-1: Swinging Strike 1-2: Ground out 4-3 (Groundball, 4S, EV 63.8 MPH)
|
Bottom of the 4th over - 0 runs, 0 hits, 0 errors, 0 left on base; Toronto 4 - Texas 1 |
TOP OF THE 5TH |
Toronto Blue Jays batting - Pitching for Texas Rangers : RHP Lu-shan Zhào
|
Batting: RHB Ryan Kinkead
|
0-0: Fly out, F2 (Popup, 5SF, EV 76.3 MPH)
|
Batting: RHB Mike Blair
|
0-0: Ground out 4-3 (Groundball, 4, EV 106.3 MPH)
|
Batting: LHB Yoshinari Nara
|
0-0: Foul Ball, location: 2F 0-1: Ball 1-1: Ball 2-1: Swinging Strike 2-2: Strikes out swinging
|
Top of the 5th over - 0 runs, 0 hits, 0 errors, 0 left on base; Toronto 4 - Texas 1 |
BOTTOM OF THE 5TH |
Texas Rangers batting - Pitching for Toronto Blue Jays : RHP Zack Rust
|
Batting: LHB Andy Bowman
|
0-0: Fly out, F7 (Line Drive, 7, EV 98.1 MPH)
|
Batting: RHB Jimmy Hammertime
|
0-0: DOUBLE (Line Drive, 89XD, EV 98.1 MPH)
|
Batting: LHB Johan de Vries
|
0-0: Called Strike 0-1: Ball 1-1: Foul Ball, location: 2F 1-2: Ball Wild Pitch! Jimmy Hammertime to third 2-2: Fly out, F9 (Flyball, 9LM, EV 91.9 MPH) Runner from 3rd tags up, SCORES, throw by RF
|
Batting: SHB John Giesbrecht
|
0-0: Ball 1-0: Fly out, F1 (Popup, P, EV 76.3 MPH)
|
Bottom of the 5th over - 1 run, 1 hit, 0 errors, 0 left on base; Toronto 4 - Texas 2 |
TOP OF THE 6TH |
Toronto Blue Jays batting - Pitching for Texas Rangers : RHP Lu-shan Zhào
|
Pitching: RHP Jarred Young
|
|
Pinch Hitting: LHB Isto Mäyrä
|
0-0: Foul Ball, location: 2F 0-1: Ball 1-1: Ball 2-1: Foul Ball, location: 2F 2-2: Ball 3-2: Base on Balls
|
Batting: RHB Jon Aguilar
|
0-0: Ball 1-0: Swinging Strike 1-1: Ball 2-1: Ground out 3-1 (Groundball, 34S, EV 91.9 MPH) Isto Mäyrä to second
|
Pinch Hitting: RHB Jordan Fairburn
|
0-0: Ball 1-0: Called Strike 1-1: Foul Ball, location: 2F 1-2: Strikes out swinging
|
Pinch Hitting: SHB Dylan Novakowski
|
0-0: Called Strike 0-1: Foul Ball, location: 2F 0-2: Strikes out swinging
|
Top of the 6th over - 0 runs, 0 hits, 0 errors, 1 left on base; Toronto 4 - Texas 2 |
BOTTOM OF THE 6TH |
Texas Rangers batting - Pitching for Toronto Blue Jays : RHP Zack Rust
|
Pitching: RHP Mike Mojica
|
|
Now at 2B: Jordan Fairburn
|
|
Now at 3B: John Loving
|
|
Now in CF: Dylan Novakowski
|
|
Batting: RHB David Casas
|
0-0: Ball 1-0: Called Strike 1-1: Ball 2-1: Foul Ball, location: 2F 2-2: Foul Ball, location: 2F 2-2: Ball 3-2: Foul Ball, location: 2F 3-2: Fly out, F3 (Line Drive, 3, EV 75.6 MPH)
|
Batting: SHB Jun Tsuda
|
0-0: Foul Ball, location: 2F 0-1: Foul Ball, location: 2F 0-2: Ground out 4-3 (Groundball, 34, EV 98.1 MPH)
|
Batting: LHB Tommy Luce
|
0-0: Swinging Strike 0-1: Ball 1-1: Foul Ball, location: 2F 1-2: Ball 2-2: Fly out, F6 (Line Drive, 6, EV 63.8 MPH)
|
Bottom of the 6th over - 0 runs, 0 hits, 0 errors, 0 left on base; Toronto 4 - Texas 2 |
TOP OF THE 7TH |
Toronto Blue Jays batting - Pitching for Texas Rangers : RHP Jarred Young
|
Batting: LHB Jon Schick
|
0-0: Ball 1-0: Called Strike 1-1: Ground out 4-3 (Groundball, 4, EV 81.3 MPH)
|
Pitching: RHP Aaron Munt
|
|
Batting: RHB Kirk Arp
|
0-0: Fly out, F8 (Flyball, 89M, EV 77.5 MPH)
|
Batting: RHB Ryan Kinkead
|
0-0: Ball 1-0: Called Strike 1-1: Ball 2-1: Ball 3-1: Base on Balls
|
Batting: RHB Mike Blair
|
0-0: Ball 1-0: Called Strike 1-1: Ball 2-1: Reached on error, E4 (Groundball, 4, EV 79.4 MPH) Ryan Kinkead to second
|
Pinch Hitting: RHB Donny Burnside
|
0-0: SINGLE (Line Drive, 9S, EV 95.0 MPH) Ryan Kinkead to third Mike Blair to second Runner from 3rd tries for Home, SAFE, throw by RF to home
|
Pinch Hitting: LHB David Ramirez
|
0-0: Ball 1-0: Swinging Strike 1-1: Foul Ball, location: 2F 1-2: Foul Ball, location: 2F 1-2: Ball 2-2: Foul Ball, location: 2F 2-2: Ball 3-2: Foul Ball, location: 2F 3-2: SINGLE (Flyball, 8RS, EV 90.0 MPH) Mike Blair to third Donny Burnside to second Mike Blair scores Donny Burnside to third
|
Pitching: LHP Phil Tippins
|
|
Pinch Hitting: RHB Jorge Baret
|
0-0: Ball 1-0: Ball 2-0: Called Strike 2-1: Called Strike 2-2: Ground out U3 (Groundball, 34, EV 85.0 MPH)
|
Top of the 7th over - 2 runs, 2 hits, 1 error, 2 left on base; Toronto 6 - Texas 2 |
BOTTOM OF THE 7TH |
Texas Rangers batting - Pitching for Toronto Blue Jays : RHP Mike Mojica
|
Now at 3B: Tommy Mize
|
|
Now in LF: Donny Burnside
|
|
Now in RF: Jorge Baret
|
|
Batting: LHB Alejandro Soriano
|
0-0: SINGLE (Groundball, 4MS, EV 86.9 MPH) (infield hit)
|
Batting: SHB Vince Ealy
|
0-0: Called Strike 0-1: Called Strike Alejandro Soriano steals 2nd base 0-2: Fly out, F6 (Popup, 6, EV 73.1 MPH)
|
Pitching: RHP John Mathis
|
|
Batting: LHB Andy Bowman
|
0-0: Ball 1-0: Ball 2-0: Called Strike 2-1: Ball 3-1: Foul Ball, location: 2F 3-2: Foul Ball, location: 2F 3-2: Fly out, F8 (Flyball, 8LS, EV 88.8 MPH)
|
Batting: RHB Jimmy Hammertime
|
0-0: Ball 1-0: Swinging Strike 1-1: Ball 2-1: Fly out, F8 (Line Drive, 8RM, EV 90.6 MPH)
|
Bottom of the 7th over - 0 runs, 1 hit, 0 errors, 1 left on base; Toronto 6 - Texas 2 |
TOP OF THE 8TH |
Toronto Blue Jays batting - Pitching for Texas Rangers : LHP Phil Tippins
|
Batting: RHB Jordan Fairburn
|
0-0: Called Strike 0-1: Ball 1-1: Ball 2-1: Swinging Strike 2-2: Strikes out swinging
|
Batting: SHB Dylan Novakowski
|
0-0: Foul Ball, location: 2F 0-1: Ball 1-1: Called Strike 1-2: Reached on error, E2 (Groundball, 15S, EV 65.6 MPH)
|
Batting: LHB Jon Schick
|
0-0: Called Strike 0-1: Ball 1-1: Called Strike 1-2: Ball 2-2: Foul Ball, location: 2F 2-2: Foul Ball, location: 2F 2-2: Strikes out swinging
|
Pitching: RHP Manny Solis
|
|
Batting: RHB Kirk Arp
|
0-0: SINGLE (Groundball, 6M, EV 77.5 MPH) (infield hit) Dylan Novakowski to second
|
Pinch Hitting: LHB Rodrigo Briceno
|
0-0: Swinging Strike 0-1: Foul Ball, location: 2F 0-2: Ball 1-2: Ball 2-2: Strikes out swinging
|
Top of the 8th over - 0 runs, 1 hit, 1 error, 2 left on base; Toronto 6 - Texas 2 |
BOTTOM OF THE 8TH |
Texas Rangers batting - Pitching for Toronto Blue Jays : RHP John Mathis
|
Now at 1B: Rodrigo Briceno
|
|
Pinch Hitting: RHB Marty King
|
0-0: Ball 1-0: Ground out 4-3 (Groundball, 34, EV 81.9 MPH)
|
Pinch Hitting: RHB Alex Sandoval
|
0-0: Foul Ball, location: 2F 0-1: Ball 1-1: Fly out, F7 (Flyball, 7, EV 95.0 MPH)
|
Batting: RHB David Casas
|
0-0: Ground out U3 (Groundball, 13, EV 87.5 MPH)
|
Bottom of the 8th over - 0 runs, 0 hits, 0 errors, 0 left on base; Toronto 6 - Texas 2 |
TOP OF THE 9TH |
Toronto Blue Jays batting - Pitching for Texas Rangers : RHP Manny Solis
|
Now at 1B: Marty King
|
|
Now at 2B: Alex Sandoval
|
|
Pinch Hitting: SHB Zory Larikov
|
0-0: Ground out 1-3 (Groundball, 13, EV 70.6 MPH)
|
Batting: RHB Donny Burnside
|
0-0: Called Strike 0-1: Called Strike 0-2: Strikes out swinging
|
Batting: RHB Tommy Mize
|
0-0: Swinging Strike 0-1: Ball 1-1: Foul Ball, location: 2F 1-2: Ball 2-2: Ground out 5-3 (Groundball, 5L, EV 81.9 MPH)
|
Top of the 9th over - 0 runs, 0 hits, 0 errors, 0 left on base; Toronto 6 - Texas 2 |
BOTTOM OF THE 9TH |
Texas Rangers batting - Pitching for Toronto Blue Jays : RHP John Mathis
|
Now at C: Zory Larikov
|
|
Batting: SHB Jun Tsuda
|
0-0: Ball 1-0: Ball 2-0: Ball 3-0: Called Strike 3-1: Foul Ball, location: 2F 3-2: Base on Balls
|
Pitching: RHP Douglas ten Pas
|
|
Pinch Hitting: RHB Ernie Weathersbee
|
0-0: Called Strike 0-1: Swinging Strike 0-2: Foul Ball, location: 2F 0-2: Foul Ball, location: 2F 0-2: Ball 1-2: SINGLE (Groundball, 56D, EV 106.9 MPH) Jun Tsuda to second
|
Pitching: RHP Junpei Yamazaki
|
|
Pinch Hitting: RHB Zhao-ji Chi
|
0-0: Ball 1-0: Called Strike 1-1: Fly out, F9 (Flyball, 9D, EV 90.0 MPH) Runner from 2nd tags up, SAFE at 3rd, no throw by RF
|
Pinch Hitting: RHB Cody Flowers
|
0-0: Called Strike 0-1: Fly out, F9 (Flyball, 9D, EV 89.4 MPH) Runner from 3rd tags up, SCORES, no throw by RF
|
Pinch Hitting: RHB Rodolfo Contreras
|
0-0: Called Strike 0-1: Ball 1-1: Swinging Strike 1-2: Ground out 4-3 (Groundball, 4, EV 101.3 MPH)
|
Bottom of the 9th over - 1 run, 1 hit, 0 errors, 1 left on base; Toronto 6 - Texas 3 |
|